 Dungeon Crawl Stone Soup version 0.23.0-2-g0fe3ce5 (webtiles) character file.

Game seed: 9213822987022355552

5074 Inarius the Cleaver (level 10, -1/74 HPs)
             Began as a Mummy Fighter on Feb 19, 2019.
             Was an Initiate of Gozag.
             Slain by a troll (12 damage)
             ... on level 10 of the Dungeon.
             The game lasted 00:15:42 (11787 turns).

Inarius the Cleaver (Mummy Fighter)                Turns: 11787, Time: 00:15:43

Health: -1/74      AC: 18    Str: 24    XL:     10   Next: 31%
Magic:  12/12      EV:  5    Int:  6    God:    Gozag
Gold:   1545       SH: 10    Dex: 11    Spells: 9/9 levels left

rFire    . . .     SeeInvis .   a - +0 war axe
rCold    + + .     Gourm    .   c - +0 shield
rNeg     + + +     Faith    .   h - +0 plate armour
rPois    ∞         Spirit   .   j - +0 helmet
rElec    .         Reflect  .   (no cloak)
rCorr    .         Harm     .   s - +0 pair of gloves of the Thirsty Demons {rC+ Int+2}
MR       +....                  v - +2 pair of boots
Stlth    ..........             (no amulet)
HPRegen  0.22/turn              b - -3 ring of intelligence (curse)
MPRegen  0.13/turn              f - ring of protection from fire

@: no status effects
A: no food or potions, fire vulnerability, cold resistance 1, negative energy
resistance 3, torment resistance, unbreathing
a: Potion Petition, Call Merchant, Bribe Branch, Renounce Religion


You were on level 10 of the Dungeon.
You worshipped Gozag.
Gozag was most pleased with you.
You were not hungry.

You visited 2 branches of the dungeon, and saw 12 of its levels.

You collected 1591 gold pieces.
You paid 46 gold pieces to Gozag.

Inventory:

Hand Weapons
 a - a +0 war axe (weapon)
Armour
 c - a +0 shield (worn)
 h - a +0 plate armour (worn)
 j - a +0 helmet (worn)
 s - the +0 pair of gloves of the Thirsty Demons (worn) {rC+ Int+2}
   (You found it on level 6 of the Dungeon)

   It affects your intelligence (+2).
   It protects you from cold.
 v - a +2 pair of boots (worn)
Jewellery
 b - a cursed -3 ring of intelligence (left hand)
 f - a ring of protection from fire (right hand)
 u - an uncursed ring of fire
Wands
 n - a wand of random effects (12)
 o - a wand of polymorph (16)
 r - a wand of disintegration (16)
Scrolls
 d - 6 scrolls of identify {unknown}
 e - 2 scrolls of noise {unknown}
 g - a scroll of fear {unknown}
 i - 2 scrolls of teleportation {unknown}
 k - 4 scrolls of remove curse {unknown}
 l - a scroll of fog {unknown}
 m - 2 scrolls of amnesia {unknown}
 p - a scroll of enchant weapon {unknown}
 q - 2 scrolls of magic mapping {unknown}
 t - a scroll of brand weapon {unknown}
 x - a scroll of enchant armour {unknown}
Miscellaneous
 w - a phial of floods


   Skills:
 + Level 5.4 Fighting
 * Level 9.7 Axes
 + Level 5.3 Armour
 - Level 0.4 Dodging
 + Level 5.2 Shields
 * Level 3.4 Evocations


You had 9 spell levels left.
You didn't know any spells.
Your spell library contained the following spells:

 Spells                   Type           Power        Failure   Level  Hunger
 Animate Skeleton         Necr           N/A          100%        1    N/A
 Apportation              Tloc           #.....       100%        1    N/A
 Confusing Touch          Hex            #.....       100%        1    N/A
 Summon Small Mammal      Summ           #...         100%        1    N/A

Dungeon Overview and Level Annotations

Branches:
Dungeon (11/15)            Temple (1/1) D:4
   Lair: D:8-11         Orc: D:9-12

Altars:
Gozag
Hepliaklqana
Nemelex Xobeh
Ru
Sif Muna
Uskayaw
Vehumet
Xom
The Shining One

Shops:
D:4 =   D:10 :


Innate Abilities, Weirdness & Mutations

You do not eat or drink.
Your flesh is vulnerable to fire.
You are immune to poison.
Your flesh is cold resistant. (rC+)
You are immune to negative energy. (rN+++)
You are immune to unholy pain and torment.
You can survive without breathing.


Message History

You closely miss the troll.
The troll is heavily wounded.
The troll bites you.
The troll claws you but does no damage. x2
You hit the troll but do no damage.
The troll is heavily wounded.
The troll bites you. The troll claws you. You block the troll's attack.
You completely miss the troll.
The troll is heavily wounded.
The troll bites you but does no damage. The troll claws you but does no damage.
The troll claws you!
* * * LOW HITPOINT WARNING * * *
You closely miss the troll.
The troll is heavily wounded.
You block the troll's attack. The troll claws you but does no damage.
The troll claws you!
* * * LOW HITPOINT WARNING * * *
You block the troll's attack. x2; The troll barely misses you.
The troll bites you!
You die...
Your body crumbles into a pile of gold.

##....## ####.....#### ##..##
##.#.........### ####
#.....#####.[>[. #..#.##
#####. ###...## ## ##.....#
##..#...## ##T.###...# #
###@.####...#### ##
##############...##.........#
#.
#...............###.........#
#. #...............#
#........## ##
#############...# #.........#
# #...# ##.....#..## ##..#
##...##...### #..#
#..####....## #..# ####
###.....


You could see a troll.

Vanquished Creatures
  A troll (D:10)
  7 yaks
  A water moccasin (D:8)
  3 black bears
  An ice beast (D:10)
  An orc warrior (D:10)
  6 ogres
  2 centaurs
  2 phantoms
  4 wolves
  3 bullfrogs
  A water moccasin zombie (D:7)
  A wyvern skeleton (D:6)
  A water moccasin skeleton (D:9)
  A killer bee (D:6)
  8 howler monkeys
  6 crimson imps
  A centaur zombie (D:8)
  3 jellies (D:8)
  5 hounds
  An orc priest (D:4)
  9 orc wizards
  Jessica (D:2)
  2 iguanas
  5 worker ants
  3 hound zombies
  A hound skeleton (D:5)
  A howler monkey zombie (D:6)
  A worker ant zombie (D:5)
  Robin (D:3)
  4 gnolls (D:7)
  14 adders
  5 shadow imps
  7 oozes
  An adder zombie (D:9)
  A worm (D:3)
  A dart slug (D:1)
  2 leopard geckos
  31 orcs
  6 bats
  9 giant cockroaches
  19 goblins
  12 hobgoblins
  16 jackals
  9 kobolds
  3 quokkas
  4 ball pythons
  5 frilled lizards
  A quokka skeleton (D:3)
  8 rats
241 creatures vanquished.

Vanquished Creatures (others)
  A plant (D:6)
1 creature vanquished.

Grand Total: 242 creatures vanquished

Notes
Turn   | Place    | Note
-------+----------+-------------------------------------------
     0 | D:1      | Inarius the Mummy Fighter began the quest for the Orb.
     0 | D:1      | Reached XP level 1. HP: 18/18 MP: 1/1
   199 | D:1      | Reached XP level 2. HP: 24/24 MP: 2/2
   352 | D:1      | Reached skill level 2 in Axes
   367 | D:1      | You fall through a shaft!
   472 | D:2      | Reached XP level 3. HP: 26/29 MP: 3/3
  1049 | D:2      | Noticed Jessica
  1058 | D:2      | Killed Jessica
  1058 | D:2      | Reached XP level 4. HP: 35/35 MP: 4/4
  1443 | D:3      | Reached skill level 3 in Axes
  1544 | D:3      | Noticed Robin
  1561 | D:3      | Reached XP level 5. HP: 31/41 MP: 5/5
  1564 | D:3      | Killed Robin
  2055 | D:4      | Found Qeqep's Jewellery Boutique.
  2095 | D:4      | Noticed an ogre
  2546 | D:4      | Reached skill level 4 in Axes
  2546 | D:4      | Reached XP level 6. HP: 47/47 MP: 6/6
  2607 | D:4      | Found a staircase to the Ecumenical Temple.
  2615 | Temple   | Entered the Ecumenical Temple
  2645 | Temple   | Became a worshipper of Gozag Ym Sagoz the Greedy
  2720 | D:5      | Entered Level 5 of the Dungeon
  2907 | D:5      | You fall through a shaft for 3 floors!
  2939 | D:8      | Noticed a water moccasin
  2995 | D:8      | Killed a water moccasin
  3236 | D:8      | Reached skill level 5 in Axes
  3236 | D:8      | Reached XP level 7. HP: 18/53 MP: 7/7
  3765 | D:8      | Found a glowing golden altar of the Shining One.
  3819 | D:6      | Reached skill level 6 in Axes
  4695 | D:5      | Reached XP level 8. HP: 42/60 MP: 8/8
  5140 | D:5      | Found a sacrificial altar of Ru.
  5909 | D:6      | Reached skill level 7 in Axes
  6496 | D:6      | Got a pair of faintly glowing gloves
  6502 | D:6      | Identified the +0 pair of gloves of the Thirsty Demons {rC+
                  | Int+2} (You found it on level 6 of the Dungeon)
  6864 | D:7      | Found a glowing golden altar of the Shining One.
  6953 | D:7      | Reached skill level 1 in Evocations
  7791 | D:7      | Reached XP level 9. HP: 64/66 MP: 8/10
  8507 | D:9      | Reached skill level 8 in Axes
  8894 | D:9      | Reached skill level 5 in Fighting
  9461 | D:10     | Entered Level 10 of the Dungeon
  9742 | D:10     | Reached skill level 9 in Axes
  9808 | D:10     | Found Sinkausi's Book Boutique.
  9834 | D:10     | Reached skill level 5 in Armour
 10364 | D:10     | Reached XP level 10. HP: 74/74 MP: 12/12
 10559 | D:11     | Noticed a cyclops
 11262 | D:10     | Reached skill level 5 in Shields
 11787 | D:10     | Slain by a troll

Skill      XL: |  1  2  3  4  5  6  7  8  9 10 |
---------------+-------------------------------+-----
Axes           | 2 3 4 5 6 7 9 |  9.7
Shields        | 3 4 5 |  5.2
Armour         | 3 4 5 |  5.3
Fighting       | 4 5 |  5.4
Evocations     | 1 2 3 |  3.4
Dodging        | |  0.4

Action                   |  1- 3 |  4- 6 |  7- 9 | 10-12 || total
-------------------------+-------+-------+-------+-------++-------
Melee: War axe           |   158 |   264 |   556 |   143 ||  1121
Evoke: Wand              |       |       |     2 |       ||     2
 Stab: Distracted        |       |       |     1 |     1 ||     2
Armor: Chain mail        |   121 |   155 |   204 |       ||   480
       Scale mail        |     1 |       |       |       ||     1
       Plate armour      |       |       |   117 |   158 ||   275
Dodge: Dodged            |    39 |    60 |    96 |    59 ||   254
Block: Shield            |    91 |   148 |   281 |   137 ||   657
